 Dungeon Crawl Stone Soup version 0.19.1-1-g22dce08 (webtiles) character file.

4441 Dolanko the Basher (level 10, -12/64 HPs)
             Began as a Gargoyle Fighter on Dec 29, 2016.
             Was an Initiate of Makhleb.
             Mangled by an orc warrior
             ... wielding a +0 halberd
              (17 damage)
             ... in a bailey.
             The game lasted 00:13:45 (7212 turns).

Dolanko the Basher (Gargoyle Fighter)               Turns: 7212, Time: 00:13:45

Health: -12/64     AC: 22    Str: 22    XL:     10   Next: 37%
Magic:  10/10      EV:  6    Int:  8    God:    Makhleb [......]
Gold:   482        SH: 12    Dex:  9    Spells: 0 memorised, 9 levels left

rFire  . . .     SeeInvis .     a - +0 flail (crush)
rCold  . . .     Gourm    .     r - +1 chain mail
rNeg   + . .     Faith    .     c - +1 shield
rPois  ∞         Spirit   .     (no helmet)
rElec  +         Reflect  .     x - +2 cloak
rCorr  .         Harm     .     (no gloves)
MR     .....                    (no boots)
Stlth  ..........               (no amulet)
                                u - -2 ring of intelligence
                                k - +2 ring of slaying

@: flying, very slightly contaminated, invisible
A: negative energy resistance 1, electricity resistance, unbreathing,
petrification resistance, rot immunity, AC +7
a: Renounce Religion


You were in a bailey.
You worshipped Makhleb.
Makhleb was noncommittal.
You were not hungry.

You visited 2 branches of the dungeon, and saw 9 of its levels.
You also visited: Bailey.

You collected 482 gold pieces.

Inventory:

Hand Weapons
 a - a +0 flail of crushing (weapon)
 C - the +7 spear of Thoughtfulness {pierce, Int+6}
   (You found it on level 8 of the Dungeon)

   It inflicts extra damage upon your enemies.
   It affects your intelligence (+6).
Armour
 c - a +1 shield (worn)
 r - a +1 chain mail (worn)
 x - a +2 cloak (worn)
Jewellery
 k - a +2 ring of slaying (left hand)
 s - an uncursed ring of fire
 u - a -2 ring of intelligence (right hand)
Wands
 t - a wand of slowing (31/48)
 v - a wand of random effects (20/48)
Scrolls
 m - a scroll of blinking
Potions
 p - a potion of flight
Books
 h - a book of Misfortune

   Spells                             Type                      Level
   a - Confusing Touch                Hexes                        1
   b - Confuse                        Hexes                        3
   c - Gell's Gravitas                Hexes/Translocation          3
   d - Petrify                        Transmutation/Earth          4
   e - Metabolic Englaciation         Hexes/Ice                    5
   f - Yara's Violent Unravelling     Hexes/Transmutation          5
Comestibles
 d - a slice of pizza
 f - 9 bread rations
 j - a royal jelly
 q - 3 meat rations
 z - 16 chunks of flesh


   Skills:
 + Level 7.8 Fighting
 * Level 9.6 Maces & Flails
 + Level 8.0 Armour
 + Level 8.2 Shields


You had 9 spell levels left.
You didn't know any spells.

Dungeon Overview and Level Annotations

Branches:
Dungeon (8/15)             Temple (1/1) D:4
   Lair: D:8-11

Altars:
Ashenzari
Cheibriados
Dithmenos
Elyvilon
Fedhas
Gozag
Hepliaklqana
Kikubaaqudgha
Makhleb
Nemelex Xobeh
Okawaru
Qazlal
Ru
Sif Muna
Trog
Uskayaw
Vehumet
Xom
Yredelemnul
Zin
The Shining One


Innate Abilities, Weirdness & Mutations

You are resistant to torment.
Your stone body is resilient. (AC +7)
You are immune to poison.
You resist negative energy. (rN+)
You are resistant to electric shocks. (rElec)
You can survive without breathing.
You are immune to petrification.
You are immune to rotting.


Message History

You block the orc's attack. x2
You feel less woody.
Your +2 cloak unmelds from your body.
Your +1 chain mail unmelds from your body.
You block the orc warrior's attack. You block the orc's attack.
The orc hits you but does no damage. You block the orc warrior's attack.
You hit the orc warrior but do no damage.
You block the orc warrior's attack.
You closely miss the orc warrior.
You feel a little less agile now. You block the orc's attack.
The orc warrior hits you with a halberd.
* * * LOW HITPOINT WARNING * * *
The orc barely misses you.
You feel very buoyant.
You fly up into the air.
The orc barely misses you. The orc hits you but does no damage.
The orc warrior hits you with a halberd!
You die...

###### ############
#.....# ##........∩.##
....o..######§....)).....#
..o....#...o#o....)).....#
.......'...ooo@..)))....∩#
.......#..oo#oo....))....#
.......######............#
#.....# ##........∩.##
###### ############


You could see an orc warrior and 8 orcs.

Vanquished Creatures
  Joseph (D:7)
  A troll (D:7)
  A spriggan (D:7)
  5 yaks
  Eustachio (D:6)
  The ghost of maxonian the Skirmisher, an amateur FoAK of Lugonu (D:4)
  Menkaure (D:4)
  A water moccasin (D:6)
  An orc warrior (Bailey)
  2 sky beasts
  Purgy (D:3)
  3 ice beasts
  A phantom (D:8)
  2 ogres
  A centaur (D:6)
  A bullfrog (D:6)
  3 scorpions
  3 wights (D:7)
  6 howler monkeys
  2 crimson imps
  A centaur skeleton (D:4)
  3 hounds
  Crazy Yiuf (D:6)
  3 orc priests
  2 jellies
  3 orc wizards
  2 bullfrog skeletons
  2 iguanas
  6 worker ants
  A worker ant zombie (D:8)
  7 gnolls
  8 adders
  2 oozes (D:3)
  An adder zombie (D:7)
  An adder skeleton (D:4)
  3 worms (D:2)
  5 dart slugs
  4 leopard geckos
  28 orcs
  9 giant cockroaches
  5 goblins
  14 hobgoblins
  2 jackals (D:3)
  3 quokkas
  10 bats
  12 frilled lizards
  A jackal skeleton (D:4)
  5 kobolds
  A leopard gecko zombie (D:6)
  A quokka skeleton (D:5)
  5 rats
  A fungus (D:6)
190 creatures vanquished.

Vanquished Creatures (others)
  A hobgoblin (D:3)
1 creature vanquished.

Grand Total: 191 creatures vanquished

Notes
Turn   | Place    | Note
-------+----------+-------------------------------------------
     0 | D:1      | Dolanko the Gargoyle Fighter began the quest for the Orb.
     0 | D:1      | Reached XP level 1. HP: 14/14 MP: 1/1
   126 | D:1      | Reached XP level 2. HP: 15/19 MP: 2/2
   516 | D:1      | Reached XP level 3. HP: 23/23 MP: 3/3
   548 | D:2      | Found a glowing golden altar of the Shining One.
   820 | D:2      | Reached skill level 3 in Maces & Flails
   820 | D:2      | Reached XP level 4. HP: 17/29 MP: 4/4
  1077 | D:2      | Found a basalt altar of Yredelemnul.
  1661 | D:2      | Reached XP level 5. HP: 29/33 MP: 5/5
  2017 | D:2      | Reached skill level 4 in Maces & Flails
  2146 | D:3      | Reached XP level 6. HP: 35/38 MP: 6/6
  2387 | D:3      | Found a glowing silver altar of Zin.
  2666 | D:3      | Found a radiant altar of Vehumet.
  2866 | D:3      | Noticed Purgy
  2881 | D:3      | Killed Purgy
  2881 | D:3      | Reached skill level 5 in Shields
  2881 | D:3      | Reached XP level 7. HP: 29/44 MP: 7/7
  3236 | D:4      | Found a staircase to the Ecumenical Temple.
  3257 | Temple   | Entered the Ecumenical Temple
  3353 | D:4      | Noticed maxonian's ghost (amateur FoAK)
  3356 | D:4      | Reached skill level 5 in Maces & Flails
  3367 | D:4      | Killed maxonian's ghost
  3367 | D:4      | Reached skill level 5 in Armour
  3379 | D:4      | Noticed Menkaure
  3384 | D:4      | Killed Menkaure
  3384 | D:4      | Reached skill level 5 in Fighting
  3724 | D:4      | Reached XP level 8. HP: 46/49 MP: 8/8
  3858 | D:4      | Reached skill level 6 in Maces & Flails
  4110 | D:5      | Entered Level 5 of the Dungeon
  4281 | D:5      | Found a basalt altar of Yredelemnul.
  4314 | D:5      | Found a white marble altar of Elyvilon.
  4775 | D:5      | Reached skill level 7 in Maces & Flails
  4931 | D:6      | Noticed a yak
  4931 | D:6      | Noticed a yak
  4931 | D:6      | Noticed a yak
  4932 | D:6      | Noticed a yak
  4933 | D:6      | Noticed a yak
  4959 | D:6      | Killed a yak
  4962 | D:6      | Killed a yak
  4962 | D:6      | Reached XP level 9. HP: 45/55 MP: 9/9
  5292 | D:6      | Reached skill level 8 in Maces & Flails
  5409 | D:6      | Noticed Eustachio
  5429 | D:6      | Killed Eustachio
  5795 | D:6      | Found a hide-covered altar of Uskayaw.
  5988 | D:6      | Found a runed door.
  5992 | D:6      | Noticed Crazy Yiuf
  5997 | D:6      | Killed Crazy Yiuf
  6197 | D:7      | Noticed Joseph
  6226 | D:7      | Killed Joseph
  6226 | D:7      | Reached skill level 9 in Maces & Flails
  6226 | D:7      | Reached XP level 10. HP: 44/63 MP: 10/10
  6457 | D:7      | Found a stormy altar of Qazlal.
  6592 | D:7      | Found a burning altar of Makhleb.
  6681 | D:7      | Became a worshipper of Makhleb the Destroyer
  7022 | D:8      | Found a flagged portal.
  7030 | D:8      | Got a jewelled spear
  7031 | D:8      | Identified the +7 spear of Thoughtfulness {pierce, Int+6} (You found it on level 8 of the Dungeon)
  7038 | Bailey   | Entered a bailey
  7212 | Bailey   | Mangled by an orc warrior

Skill      XL: |  1  2  3  4  5  6  7  8  9 10 |
---------------+-------------------------------+-----
Shields        | 4 5 6 7 8 |  8.2
Maces & Flails | 3 4 5 7 9 |  9.6
Fighting       | 4 5 6 7 |  7.8
Armour         | 4 5 6 7 8 |  8.0

Action                   |  1- 3 |  4- 6 |  7- 9 | 10-12 || total
-------------------------+-------+-------+-------+-------++-------
Melee: Flail             |   179 |   285 |   377 |   184 ||  1025
Evoke: Wand              |       |       |       |     3 ||     3
  Use: Potion            |       |     1 |     5 |     5 ||    11
       Scroll            |       |       |     3 |    10 ||    13
  Eat: Chunk             |       |     5 |    10 |     4 ||    19
       Royal jelly       |       |     1 |       |       ||     1
       Beef jerky        |       |       |     1 |       ||     1
Armor: Scale mail        |   121 |   164 |    67 |       ||   352
       Chain mail        |       |       |   132 |   149 ||   281
       Skin              |       |       |       |    58 ||    58
Dodge: Dodged            |    61 |    89 |    71 |    63 ||   284
Block: Shield            |    98 |   166 |   165 |   201 ||   630
